 Dungeon Crawl Stone Soup version 0.31.0-12-g77e489cdc1 (webtiles) character file.

Game seed: 15664324615520572231

42841 CapUranus the Bludgeoner (level 14, -13/127 HPs)
             Began as a Hill Orc Fighter on Mar 5, 2024.
             Was an Initiate of Gozag.
             Killed from afar by an ice dragon (26 damage)
             ... with a blast of cold
             ... on level 1 of the Depths.
             The game lasted 00:52:23 (13606 turns).

CapUranus the Bludgeoner (Hill Orc Fighter)        Turns: 13606, Time: 00:52:24

Health: -13/127    AC: 23    Str: 27    XL:     14   Next: 21%
Magic:  14/14      EV: 11    Int:  8    God:    Gozag
Gold:   2599       SH: 12    Dex: 14    Spells: 13/13 levels left

rFire   + + .        w - +7 flail of the Hierophant {drain, rF++ Will+ rCorr}
rCold   . . .        c - +0 buckler
rNeg    + + .        j - +0 pearl dragon scales
rPois   .            a - +2 helmet
rElec   .            C - scarf of Polish {repulsion, Regen+ Str+3 Dex+4}
rCorr   +            N - +1 pair of gloves
SInv    .            y - +0 pair of boots
Will    ++...        J - amulet of reflection Stlth
                     q - ring of the Mage {Wiz Archmagi}
HPRegen 1.21/turn    e - ring of positive energy
MPRegen 0.14/turn

%: repel missiles, reflection, wizardry (x1), archmagi
@: mighty, gold aura
A: no striking features
a: Renounce Religion, Potion Petition, Call Merchant, Bribe Branch


You were on level 1 of the Depths.
You worshipped Gozag.
Gozag was most pleased with you.
You visited 2 branches of the dungeon, and saw 16 of its levels.

You collected 4540 gold pieces.
You spent 851 gold pieces at shops.
You paid 1090 gold pieces to Gozag.

Inventory:

Hand Weapons
 s - a +1 heavy great mace
 w - the +7 flail of the Hierophant (weapon) {drain, rF++ Will+ rCorr}
   (You bought it in a shop on level 2 of the Dungeon)

   rF++:      It greatly protects you from fire.
   Will+:     It increases your willpower.
   rCorr:     It protects you from acid and corrosion.
 W - the +5 glaive of the Guard {elec, spectral}
   (You found it on level 14 of the Dungeon)
 Y - the +5 whip of Poimooq {flame, Dex+4}
   (You found it on level 13 of the Dungeon)

   Dex+4:     It affects your dexterity (+4).
Missiles
 K - 6 throwing nets (quivered)
Armour
 a - a +2 helmet (worn)
 c - a +0 buckler (worn)
 j - +0 pearl dragon scales (worn)
 y - a +0 pair of boots (worn)
 C - the scarf of Polish (worn) {repulsion, Regen+ Str+3 Dex+4}
   (You bought it in a shop on level 11 of the Dungeon)

   Str+3:     It affects your strength (+3).
   Dex+4:     It affects your dexterity (+4).
   Regen+:    It increases your rate of health regeneration.
 D - a +2 cloak of willpower
 N - a +1 pair of gloves (worn)
Magical Staves
 P - a staff of cold
Jewellery
 e - a ring of positive energy (right hand)
 m - a ring of fire
 q - the ring of the Mage (left hand) {Wiz Archmagi}
   (You found it on level 3 of the Dungeon)

   [ring of wizardry]

   Wiz:       It improves your spell success rate.
   Archmagi:  It increases the power of your magical spells.
 J - an amulet of reflection (around neck)
 R - a ring of willpower
 X - an amulet of guardian spirit
Wands
 b - a wand of iceblast (4)
 x - a wand of charming (31)
 E - a wand of flame (21)
 F - a wand of polymorph (12)
 H - a wand of mindburst (14)
 O - a wand of light (2)
 Z - a wand of digging (9)
Scrolls
 f - a scroll of revelation {unknown}
 g - 2 scrolls of identify
 i - 2 scrolls of fog {unknown}
 o - 6 scrolls of teleportation
 p - 2 scrolls of enchant armour {unknown}
 t - 2 scrolls of enchant weapon
 v - 3 scrolls of silence
 B - 5 scrolls of immolation
 G - a scroll of fear {unknown}
 U - a scroll of amnesia {unknown}
Potions
 d - 2 potions of might
 h - 2 potions of degeneration
 k - 4 potions of curing
 l - 2 potions of lignification {unknown}
 n - 6 potions of mutation
 r - 5 potions of enlightenment
 u - a potion of ambrosia {unknown}
 z - 4 potions of brilliance
 A - a potion of cancellation {unknown}
 I - a potion of invisibility {unknown}
 L - a potion of heal wounds {unknown}
 Q - a potion of attraction {unknown}
 S - a potion of magic {unknown}
 T - a potion of resistance {unknown}


   Skills:
 + Level 12.6 Fighting
 + Level 8.5(14.2) Axes
 + Level 15.1(15.7) Maces & Flails
 + Level 12.2 Armour
 + Level 4.0 Dodging
 + Level 2.1 Stealth
 + Level 12.5 Shields


You had 13 spell levels left.
You didn't know any spells.
Your spell library contained the following spells:

 Spells                   Type           Power      Damage    Failure   Level
 Shock                    Conj/Air       0%         1d3       38%         1
 Cigotuvi's Dreadful Rot  Necr/Alch/Air  0%         N/A       50%         2
 Ensorcelled Hibernation  Hex/Ice        0%         N/A       50%         2
 Jinxbite                 Hex            0%         N/A       50%         2
 Mercury Vapours          Alch/Air       0%         N/A       50%         2
 Fugue of the Fallen      Necr           0%         N/A       73%         3
 Hailstorm                Conj/Ice       0%         3d5       73%         3
 Mephitic Cloud           Conj/Alch/Air  0%         N/A       73%         3
 Summon Ice Beast         Ice/Summ       0%         N/A       73%         3
 Swiftness                Air            0%         N/A       73%         3
 Volatile Blastmotes      Fire/Tloc      0%         2d10      73%         3
 Airstrike                Air            0%         2d(0-16)  98%         4
 Anguish                  Hex/Necr       0%         N/A       98%         4
 Fulminant Prism          Conj/Alch      0%         3d5       98%         4
 Ignite Poison            Fire/Alch      0%         N/A       98%         4
 Iskenderun's Mystic Bla  Conj/Tloc      0%         2d3       98%         4
 Vhi's Electric Charge    Tloc/Air       0%         N/A       98%         4
 Arcjolt                  Conj/Air       0%         1d10      100%        5
 Freezing Cloud           Conj/Ice/Air   0%         6-21      100%        5
 Yara's Violent Unravell  Hex/Alch       0%         3d3       100%        5
 Sculpt Simulacrum        Ice/Alch       0%         N/A       100%        6
 Enfeeble                 Hex            0%         N/A       100%        7
 Maxwell's Capacitive Co  Air            0%         ∞         100%        8


Dungeon Overview and Level Annotations

Branches:
Dungeon (15/15)            Temple (0/1) D:5            Lair (0/5) D:11
    Orc (0/2) D:11         Vaults (0/5) D:13         Depths (1/4) D:15

Altars:
Gozag
Kikubaaqudgha
Nemelex Xobeh
Qazlal
Uskayaw
Xom
Yredelemnul
Zin

Shops:
D:2 (?(   D:11 [   D:14 [


Message History

You hear a loud rustle.
You hear a deafening roar!
Your Dodging skill increases to level 4!
The rakshasa is no longer distracted by gold.
You bludgeon the stone giant!!
The stone giant is moderately wounded.
You barely miss the stone giant.
The stone giant is moderately wounded.
The stone giant misses you.
You thump the stone giant!
The stone giant is moderately wounded.
The stone giant hits you!
* * * LOW HITPOINT WARNING * * *
You thump the stone giant!
The stone giant is heavily wounded.
The rakshasa is distracted by your dazzling golden aura.
The stone giant hits you!!
* * * LOW HITPOINT WARNING * * *
You hit the stone giant.
The stone giant is heavily wounded.
The rakshasa is no longer distracted by gold.
The rakshasa is distracted by your dazzling golden aura.
You sock the stone giant!
The stone giant is severely wounded.
The stone giant is distracted by your dazzling golden aura.
The stone giant shouts!
You bludgeon the stone giant!!
The stone giant is no longer distracted by gold.
The stone giant is almost dead.
The stone giant closely misses you.
You completely miss the stone giant.
The stone giant is almost dead.
The stone giant closely misses you.
You hit the stone giant.
You kill the stone giant!
You barely miss the ice dragon.
The rakshasa is no longer distracted by gold.
The ice dragon breathes frost at you. The blast of cold hits you!!
You die...
Your body crumbles into a pile of gold.

##. .##..
...... ......
..=...#
#...... ##.
#......## #...
#@## #..#
######D##..#
##....§R#..#
#.........#
#.........#
#>........###
#...........#
##..........##
#....<..§....#


You could see an ice dragon (catching breath) and a rakshasa.

Vanquished Creatures
  A stone giant (Depths:1)
  An ettin (D:14)
  3 fire dragons
  Harold (D:11)
  4 hydras
  2 ice dragons
  5 two-headed ogres
  A death knight (D:15)
  3 centaur warriors (D:14)
  A boulder beetle (D:11)
  A tengu warrior (D:14)
  A spriggan berserker (Depths:1)
  A deep elf knight (D:14)
  Nergalle (D:11)
  Lodul (D:11)
  The ghost of McKennaii the Destroyer, a novice DgCj (D:6)
  An orc knight (D:15)
  3 deep elf pyromancers
  A phantasmal warrior (D:14)
  Maurice (D:8)
  A wolf spider (shapeshifter) (D:14)
  2 manticores
  6 ugly things (D:14)
  6 cyclopes
  3 meliai (D:14)
  A black mamba (shapeshifter) (D:13)
  A torpor snail (shapeshifter) (D:13)
  A kobold demonologist (D:11)
  5 trolls
  A komodo dragon (D:11)
  A queen bee (shapeshifter) (D:13)
  A troll (shapeshifter) (D:13)
  3 hornets
  Prince Ribbit (D:5)
  14 slime creatures
  3 wyverns
  21 yaks
  3 wraiths
  A steam dragon (D:7)
  10 vampire mosquitoes
  3 acid dragons
  5 orc warriors
  2 ice beasts
  10 ogres
  6 centaurs
  3 phantoms
  3 kobold brigands
  A gnoll sergeant (D:10)
  2 bullfrogs
  4 scorpions
  A burial acolyte (D:12)
  11 wights
  8 killer bees
  5 howler monkeys
  An electric eel (D:7)
  A howler monkey (shapeshifter) (D:13)
  2 bombardier beetles (D:4)
  6 hounds
  Crazy Yiuf (D:3)
  4 gnoll boudas
  3 orc priests
  A jelly (D:6)
  2 sleepcaps
  Jessica (D:2)
  Ijyb (D:4)
  5 iguanas
  10 orc wizards
  Robin (D:3)
  7 adders
  16 gnolls
  A shadow imp (D:7)
  A white imp (D:7)
  6 ufetubi
  2 adder zombies (D:12)
  4 ribbon worms
  6 dart slugs
  36 orcs
  A bat (D:1)
  4 endoplasms
  A giant cockroach (D:3)
  20 goblins
  8 hobgoblins
  14 kobolds
  4 quokkas
  4 ball pythons
  4 frilled lizards
  2 jackal zombies (D:12)
  3 rats
366 creatures vanquished.

Notes
Turn   | Place    | Note
-------+----------+-------------------------------------------
     0 | D:1      | CapUranus the Hill Orc Fighter began the quest for the Orb.
     0 | D:1      | Reached XP level 1. HP: 19/19 MP: 1/1
   107 | D:1      | Reached XP level 2. HP: 26/27 MP: 2/2
   390 | D:1      | Reached XP level 3. HP: 27/33 MP: 3/3
   592 | D:2      | Found Vevis's Magic Scroll Emporium.
   603 | D:2      | Found Kaniysk's Weapon Emporium.
   619 | D:2      | Noticed Jessica
   635 | D:2      | Killed Jessica
   636 | D:2      | Reached XP level 4. HP: 31/40 MP: 4/4
   774 | D:2      | Found Kivesoe's Antique Weapon Shoppe.
   961 | D:3      | Found the ring of the Mage {Wiz Archmagi}
   981 | D:3      | Found a shimmering altar of Xom.
  1010 | D:3      | Found a runed translucent door.
  1011 | D:3      | Noticed Crazy Yiuf
  1210 | D:3      | Noticed Robin
  1232 | D:3      | Killed Robin
  1233 | D:3      | Reached XP level 5. HP: 27/46 MP: 5/5
  1272 | D:3      | Found a sparkling altar of Nemelex Xobeh.
  1272 | D:3      | Found an opulent altar of Gozag.
  1278 | D:3      | Became a worshipper of Gozag Ym Sagoz the Greedy
  1654 | D:4      | Reached skill level 5 in Axes
  1816 | D:4      | Found a hide-covered altar of Uskayaw.
  1830 | D:4      | Noticed Ijyb
  1834 | D:4      | Noticed a phantom
  1849 | D:4      | Killed Ijyb
  1850 | D:4      | Reached XP level 6. HP: 47/53 MP: 6/6
  2126 | D:4      | Reached XP level 7. HP: 48/60 MP: 7/7
  2427 | D:3      | Killed Crazy Yiuf
  2491 | D:2      | Bought a faintly glowing flail for 221 gold pieces
  2491 | D:2      | Identified the +7 flail of the Hierophant {drain, rF++
                  | Will+ rCorr} (You bought it in a shop on level 2 of the
                  | Dungeon)
  2523 | D:2      | Bought a scroll of identify for 28 gold pieces
  2652 | D:5      | Entered Level 5 of the Dungeon
  2706 | D:5      | Reached skill level 5 in Armour
  2833 | D:5      | Noticed Prince Ribbit
  2835 | D:5      | Found a staircase to the Ecumenical Temple.
  2856 | D:5      | Reached skill level 1 in Maces & Flails
  2898 | D:5      | Killed Prince Ribbit
  2899 | D:5      | Reached skill level 5 in Fighting
  2899 | D:5      | Reached skill level 2 in Maces & Flails
  2899 | D:5      | Reached XP level 8. HP: 23/68 MP: 8/8
  3067 | D:5      | Reached skill level 3 in Maces & Flails
  3212 | D:5      | You fall into a shaft and drop 2 floors!
  3242 | D:7      | Reached skill level 4 in Maces & Flails
  3458 | D:5      | Reached skill level 5 in Maces & Flails
  3838 | D:6      | Reached XP level 9. HP: 75/75 MP: 9/9
  3854 | D:6      | Found a basalt altar of Yredelemnul.
  3857 | D:6      | Reached skill level 6 in Maces & Flails
  3940 | D:6      | Noticed a two-headed ogre
  3944 | D:6      | Noticed McKennaii's ghost (novice DgCj)
  3945 | D:6      | Noticed a cyclops
  3956 | D:6      | Found a transporter.
  3964 | D:6      | Found a transporter.
  4450 | D:7      | Reached skill level 7 in Maces & Flails
  4896 | D:7      | Reached skill level 5 in Shields
  5222 | D:8      | Reached skill level 8 in Maces & Flails
  5344 | D:8      | Reached skill level 1 in Dodging
  5449 | D:8      | Found a glowing silver altar of Zin.
  5541 | D:8      | Found a stormy altar of Qazlal.
  5652 | D:8      | Noticed Maurice
  5659 | D:8      | Reached skill level 9 in Maces & Flails
  5659 | D:8      | Reached XP level 10. HP: 46/82 MP: 10/10
  5667 | D:8      | Something stole a staff of cold
  5668 | D:8      | Killed Maurice
  6886 | D:9      | Reached skill level 10 in Maces & Flails
  7017 | D:10     | Entered Level 10 of the Dungeon
  7098 | D:10     | Reached XP level 11. HP: 66/94 MP: 11/11
  7132 | D:10     | Reached skill level 1 in Stealth
  8235 | D:11     | Reached skill level 11 in Maces & Flails
  8317 | D:11     | Noticed Lodul
  8354 | D:11     | Killed Lodul
  8817 | D:11     | Noticed Nergalle
  8819 | D:11     | Found a staircase to the Lair.
  8832 | D:11     | Killed Nergalle
  8936 | D:11     | Found a staircase to the Orcish Mines.
  8936 | D:11     | Noticed a cyclops
  8959 | D:11     | Reached skill level 10 in Armour
  8965 | D:11     | Killed a cyclops
  9072 | D:11     | Noticed a boulder beetle
  9073 | D:11     | Noticed Harold
  9102 | D:11     | Killed Harold
  9103 | D:11     | Reached skill level 12 in Maces & Flails
  9148 | D:11     | Killed a boulder beetle
  9218 | D:11     | Reached XP level 12. HP: 95/105 MP: 12/12
  9433 | D:11     | Noticed a two-headed ogre
  9441 | D:11     | Killed a two-headed ogre
  9531 | D:11     | Bought the scarf of Polish {repulsion, Regen+ Str+3 Dex+4}
                  | for 602 gold pieces
  9584 | D:12     | Noticed a two-headed ogre
  9596 | D:12     | Killed a two-headed ogre
  9721 | D:12     | Noticed a two-headed ogre
  9731 | D:12     | Killed a two-headed ogre
  9732 | D:12     | Reached skill level 10 in Fighting
  9881 | D:12     | Reached skill level 13 in Maces & Flails
 10288 | D:12     | Found an ancient bone altar of Kikubaaqudgha.
 10412 | D:13     | Identified the +5 whip of Poimooq {flame, Dex+4}
 10469 | D:13     | Reached skill level 10 in Shields
 10723 | D:13     | Found a gate to the Vaults.
 10738 | D:13     | a deep troll changed into a shock serpent
 10738 | D:13     | Noticed a shock serpent (glowing shapeshifter)
 10740 | D:13     | a shock serpent changed into a sea snake
 11327 | D:6      | Killed a two-headed ogre
 11335 | D:6      | Reached XP level 13. HP: 115/115 MP: 13/13
 11346 | D:6      | Reached skill level 14 in Maces & Flails
 11364 | D:6      | Killed McKennaii's ghost
 12219 | D:14     | Noticed a fire dragon
 12220 | D:14     | Noticed an ice dragon
 12248 | D:14     | Killed a fire dragon
 12250 | D:14     | Killed an ice dragon
 12349 | D:14     | Noticed an ettin
 12362 | D:14     | Killed an ettin
 12376 | D:14     | Found the +5 glaive of the Guard {elec, spectral}
 12722 | D:15     | Entered Level 15 of the Dungeon
 12802 | D:15     | Reached XP level 14. HP: 40/127 MP: 14/14
 13431 | D:15     | Reached skill level 15 in Maces & Flails
 13443 | D:15     | Found a staircase to the Depths.
 13569 | Depths:1 | Entered Level 1 of the Depths
 13570 | Depths:1 | Noticed a stone giant
 13605 | Depths:1 | Killed a stone giant
 13606 | Depths:1 | Killed from afar by an ice dragon

Illustrated notes

Levels and vault maps discovered:
D:1:      doesnt_arrival_eight_statues, layout_basic, feat_on_display
D:2:      layout_rooms, serial_shops, shop, shop, shop, uniq_jessica
D:3:      layout_rooms, grunt_temple_overflow_opulence,
          overflow_temple_1_default, uniq_robin, uniq_crazy_yiuf_cottage
D:4:      layout_gridville, mainiacjoe_overflow_alcove_1, minmay_fountain_box,
          uniq_ijyb
D:5:      layout_basic, temple_fountains, st_stairs_2, uniq_prince_ribbit1
D:6:      layout_rooms, mainiacjoe_overflow_catwalk, serial_curves,
          eino_curves_02, eino_curves_03, gammafunk_ghost_arena
D:7:      cheibrodos_helix_gallery, layout_basic
D:8:      layout_cave_pools, nicolae_qazlal_style_of_elements, zin_treasury,
          kennysheep_generic_room_9, uniq_maurice
D:9:      layout_gridville
D:10:     layout_irregular_city, grunt_ministairs_1, minmay_misc_feat_five
D:11:     layout_irregular_city, david_lair_shrubbed, david_orc_3, uniq_harold,
          uniq_nergalle, uniq_lodul
D:12:     layout_rooms, lemuel_zombie_altar_kikubaaqudgha
D:13:     layout_gridville, david_vaults_2
D:14:     minmay_guarded_unrand_guard, layout_loops_ring,
          nicolae_figureground_sparkle
D:15:     grunt_enter_depths_hoard, layout_loops_ring,
          serial_library_hellmonk_secret_room
Depths:1: minmay_coctagon, layout_cave_shapes, enter_ziggurat_e, special_room
          [special_room_mythical_zoo], grunt_mini_vestibule,
          yredelemnul_altar_generic, nicolae_dithmenos_shadow_blocks

Skill      XL: |  1  2  3  4  5  6  7  8  9 10 11 12 13 14 |
---------------+-------------------------------------------+-----
Axes           | 3 4 6 7 8 |  8.5
Fighting       | 4 5 6 8 9 10 12 | 12.6
Armour         | 4 5 6 7 9 10 11 12 | 12.2
Shields        | 4 5 7 8 10 12 | 12.5
Maces & Flails | 2 5 9 10 12 13 14 15 | 15.1
Dodging        | 1 2 3 4 |  4.0
Stealth        | 1 2 |  2.1

Action                     |  1- 3 |  4- 6 |  7- 9 | 10-12 | 13-15 || total
---------------------------+-------+-------+-------+-------+-------++-------
  Melee: War axe           |    84 |   139 |     3 |       |       ||   226
         Flail             |       |       |   280 |   623 |   324 ||  1227
 Invoke: Call Merchant     |       |       |       |     1 |     1 ||     2
    Use: Potion            |       |     1 |       |     1 |     2 ||     4
         Scroll            |       |       |       |    10 |       ||    10
   Stab: Distracted        |       |       |     1 |     4 |     1 ||     6
 Armour: Scale mail        |    41 |       |       |       |       ||    41
         Plate armour      |    33 |   179 |   243 |   239 |       ||   694
         Pearl dragon scal |       |       |       |   160 |   218 ||   378
  Dodge: Dodged            |    36 |    48 |    90 |   171 |   107 ||   452
         Repelled          |       |       |       |     6 |     6 ||    12
  Block: Buckler           |    22 |    34 |   104 |   321 |   158 ||   639
         Reflection        |       |       |     3 |     6 |    11 ||    20
